 Dungeon Crawl Stone Soup version 0.31.0-12-g77e489cdc1 (webtiles) character file.

Game seed: 16702205564540799196

434 Gadfly the Trooper (level 7, 0/72 HPs)
             Began as an Oni Berserker on Mar 1, 2024.
             Was a Believer of Trog.
             Slain by a sky beast (2 damage)
             ... on level 3 of the Dungeon.
             The game lasted 00:03:57 (1941 turns).

Gadfly the Trooper (Oni Berserker)                  Turns: 1941, Time: 00:03:57

Health: 0/72       AC:  3    Str: 22    XL:     7   Next: 0%
Magic:  7/7        EV: 10    Int:  8    God:    Trog [**....]
Gold:   167        SH:  0    Dex: 10    Spells: 6/6 levels left

rFire   . . .        a - +0 flail
rCold   . . .        (no shield)
rNeg    . . .        l - +0 robe
rPois   .            (helmet restricted)
rElec   .            (no cloak)
rCorr   +            (gloves unavailable)
SInv    .            (boots unavailable)
Will    .....        c - amulet of regeneration
Stlth   +            k - ring of resist corrosion
HPRegen 1.12/turn    (no ring)
MPRegen 0.10/turn

%: no passive effects
@: no status effects
A: large, unfitting armour, horns 1, tough skin 1, double potion healing,
drunken brawling
a: Renounce Religion, Berserk, Trog's Hand


You were on level 3 of the Dungeon.
You worshipped Trog.
Trog was pleased with you.
You visited 1 branch of the dungeon, and saw 3 of its levels.

You collected 167 gold pieces.

Inventory:

Hand Weapons
 a - a +0 flail (weapon)
 b - a +4 scythe of freezing
Armour
 l - a +0 robe (worn)
Jewellery
 c - an amulet of regeneration (around neck)
 g - a ring of willpower
 h - an amulet of the acrobat
 k - a ring of resist corrosion (left hand)
 n - a ring of ice
Scrolls
 m - a scroll of teleportation
Potions
 d - a potion of enlightenment
 e - a potion of heal wounds
 f - 2 potions of curing
 i - a potion of magic {unknown}
 j - a potion of might


   Skills:
 + Level 5.3 Fighting
 * Level 5.0 Maces & Flails
 + Level 3.7 Dodging
 * Level 3.1 Evocations


You had 6 spell levels left.
You didn't know any spells.
Your spell library was empty.

Dungeon Overview and Level Annotations

Branches:
Dungeon (3/15)

Altars:
Elyvilon
Qazlal
Uskayaw

Shops:
D:1 (


Innate Abilities, Weirdness & Mutations

You are too large for most types of armour.
You have a pair of small horns on your head.
You have tough skin. (AC +1)
You gain doubled healing and magic from potions.
Whenever you drink a healing potion, you attack all around you.


Message History

The ball python bites you. The sky beast completely misses you.
You closely miss the sky beast.
The sky beast is almost dead.
The ball python completely misses you. The sky beast hits you.
The sky beast shocks you. The ball python barely misses you.
You barely miss the sky beast.
The sky beast is almost dead.
The sky beast flickers out of sight!
Deactivating autopickup; reactivate with Ctrl-A.
Something hits you. Something shocks you.
The ball python bites you but does no damage.
Something hits you. Something shocks you. Something hits you.
Something shocks you. The ball python barely misses you.
You sock the ball python!
You kill the ball python!
Trog accepts your kill.
You barely miss something. Your headbutt misses something. Something hits you.
Something shocks you.
You miss something. Your headbutt misses something. Something hits you.
Something shocks you.
* * * LOW HITPOINT WARNING * * *
You hit something. Something completely misses you.
You barely miss something. Something hits you.
* * * LOW HITPOINT WARNING * * *
Something shocks you.
* * * LOW HITPOINT WARNING * * *
You miss something. Something hits you.
* * * LOW HITPOINT WARNING * * *
Something shocks you.
* * * LOW HITPOINT WARNING * * *
You miss something. Something hits you but does no damage. Something hits you.
* * * LOW HITPOINT WARNING * * *
Something shocks you.
* * * LOW HITPOINT WARNING * * *
You closely miss something. Your headbutt misses something.
A sky beast appears from thin air!
Reactivating autopickup.
The sky beast hits you.
You die...

#.##.##.#.....##..##..##
.###.###...)..#..####..#
...#.#........#..####..#
####.###..†##.##..##..##
............#......#
..........).##....##
.........#...#....#..
.........#............
.............@....##)..
.........#.##Y######...
.#.!.............
#...#.#........
#..#...#!......
#.#...(.#......
......_.........
...#.....#......
....#...#.......


You could see a sky beast.

Vanquished Creatures
  Sigmund (D:2)
  3 bombardier beetles (D:3)
  An orc wizard (D:3)
  5 adders
  2 ribbon worms
  2 dart slugs (D:1)
  3 orcs (D:3)
  7 ball pythons
  9 endoplasms
  2 giant cockroaches (D:1)
  6 goblins
  10 hobgoblins
  4 jackals
  3 quokkas (D:1)
  9 bats
  2 frilled lizards (D:1)
  4 kobolds (D:1)
  2 rats
75 creatures vanquished.

Notes
Turn   | Place    | Note
-------+----------+-------------------------------------------
     0 | D:1      | Gadfly the Oni Berserker began the quest for the Orb.
     0 | D:1      | Reached XP level 1. HP: 24/24 MP: 1/1
    60 | D:1      | Reached XP level 2. HP: 32/32 MP: 2/2
   264 | D:1      | Reached skill level 1 in Evocations
   358 | D:1      | Reached XP level 3. HP: 37/39 MP: 3/3
   504 | D:1      | Reached ** piety under Trog
   866 | D:1      | Found Kuliaf's Antique Weapon Boutique.
   996 | D:2      | Found a hide-covered altar of Uskayaw.
  1044 | D:2      | Reached XP level 4. HP: 47/49 MP: 4/4
  1570 | D:3      | Reached XP level 5. HP: 47/55 MP: 5/5
  1589 | D:3      | Noticed Sigmund
  1662 | D:2      | Killed Sigmund
  1663 | D:2      | Reached skill level 5 in Fighting
  1663 | D:2      | Reached XP level 6. HP: 62/66 MP: 6/6
  1695 | D:3      | Found a white marble altar of Elyvilon.
  1784 | D:3      | Reached skill level 5 in Maces & Flails
  1835 | D:3      | Found a faded altar of an unknown god.
  1861 | D:3      | Reached XP level 7. HP: 72/72 MP: 7/7
  1921 | D:3      | Found a stormy altar of Qazlal.
  1940 | D:3      | HP: 1/72 [something (5)]
  1941 | D:3      | Slain by a sky beast

Illustrated notes

Levels and vault maps discovered:
D:1:      minmay_arrival_cross, layout_basic, serial_shops,
          nicolae_shop_crystal, st_stairs_3, hangedman_decor_opposing,
          minivault_5, minmay_vboxes
D:2:      minmay_wonky_spiral, layout_basic, basic_altar
D:3:      layout_rooms, nicolae_overflow_hidden_temple,
          nicolae_qazlal_beasts_of_the_sky, serial_forest,
          infiniplex_forest_join, infiniplex_forest_end_2,
          infiniplex_forest_clump_tiny, infiniplex_forest_diagonal,
          infiniplex_forest_clump_C, infiniplex_forest_clump_small,
          infiniplex_forest_end_2, shapermc_ecumenical_altar_totnotflames,
          minmay_misc_feat_iff, hex_intersection, uniq_sigmund

Skill      XL: |  1  2  3  4  5  6 |
---------------+-------------------+-----
Evocations     | 1 2 3 |  3.1
Dodging        | 3 |  3.7
Maces & Flails | 4 5 |  5.0
Fighting       | 5 |  5.3

Action                     |  1- 3 |  4- 6 |  7- 9 || total
---------------------------+-------+-------+-------++-------
  Melee: Mace              |   108 |    64 |       ||   172
         Headbutt          |    12 |    14 |     1 ||    27
         Punch             |     1 |     1 |     1 ||     3
         Halberd           |       |    22 |       ||    22
         Flail             |       |     8 |    14 ||    22
 Invoke: Berserk           |       |     1 |       ||     1
    Use: Scroll            |     3 |     4 |       ||     7
         Potion            |     1 |     1 |       ||     2
   Stab: Sleeping          |       |     1 |       ||     1
 Armour: Animal skin       |    77 |    72 |       ||   149
         Robe              |       |       |    18 ||    18
  Dodge: Dodged            |    66 |    37 |    10 ||   113
